 Dungeon Crawl Stone Soup version 0.31-a0-355-g57cb03d3e8 (webtiles) character file.

Game seed: 2986466185626007154

32 porpoise the Changeling (level 3, -5/27 HPs)
             Began as a Merfolk Shapeshifter on July 24, 2023.
             Slain by a gnoll
             ... wielding a +0 whip
              (9 damage)
             ... on level 2 of the Dungeon.
             The game lasted 00:03:33 (969 turns).

porpoise the Changeling (Merfolk Shapeshifter)       Turns: 969, Time: 00:03:34

Health: -5/27      AC:  3    Str: 17    XL:     3   Next: 25%
Magic:  3/3        EV: 12    Int:  7    God:
Gold:   97         SH:  0    Dex: 14    Spells: 2/2 levels left

rFire   . .          .
                       - Unarmed
rCold   . . .        (no shield)
rNeg    . . .        g - +0 leather armour
rPois   .            (helmet currently unavailable)
rElec   .            (cloak currently unavailable)
rCorr   .            (gloves currently unavailable)
SInv    .            a - melded +0 pair of boots
Will    .....        (no amulet)
Stlth   +            (no ring)
HPRegen 0.24/turn    (no ring)
MPRegen 0.08/turn

%: no passive effects
@: beast-form
A: beast (slay +3), (nimble swimmer 2), mertail
a: Begin Untransformation


You were on level 2 of the Dungeon.
You were a hulking beast.
You visited 1 branch of the dungeon, and saw 2 of its levels.

You collected 97 gold pieces.

Inventory:

Armour
 a - a +0 pair of boots (melded)
 g - a +0 leather armour (worn)
Talismans
 c - a beast talisman
Scrolls
 e - a scroll of teleportation {unknown}
 h - a scroll of noise {unknown}
 j - a scroll of blinking {unknown}
 k - 2 scrolls of vulnerability {unknown}
 l - 2 scrolls of identify {unknown}
 n - a scroll of immolation {unknown}
Potions
 b - a potion of lignification
 d - a potion of haste {unknown}
 f - a potion of curing {unknown}
 i - 2 potions of enlightenment {unknown}
 m - 2 potions of degeneration {unknown}


   Skills:
 + Level 2.2 Fighting
 - Level 2.6 Dodging
 + Level 3.7 Unarmed Combat
 + Level 4.4 Shapeshifting


You had 2 spell levels left.
You didn't know any spells.
Your spell library contained the following spells:

 Spells                   Type           Power      Damage    Failure   Level
 Sandblast                Erth           0%         2d4       50%         1
 Passwall                 Tmut/Erth      0%         N/A       65%         2
 Stone Arrow              Conj/Erth      0%         3d7       86%         3


Dungeon Overview and Level Annotations

Branches:
Dungeon (2/15)

Altars:


Innate Abilities, Weirdness & Mutations

You are a hulking beast.
Your limbs bulge with bestial killing power. (Slay +3)
((You are very nimble when in or above water. (Stealth+, EV+, Speed+++)))
Your lower body shifts to a powerful aquatic tail in water.


Message History

The gnoll shouts!
You hear a shout!
A gnoll comes into view. It is wielding a +0 flail.
A gnoll comes into view. It is wielding a +0 whip.
Unknown command.
Unknown command.
The gnoll shouts!
An endoplasm comes into view.
The endoplasm quivers.
You punch the gnoll!
The gnoll is heavily wounded.
The gnoll hits you with a +0 club!
You punch the gnoll!
You kill the gnoll!
You have reached level 3!
Your experience leads to an increase in your attributes!
Increase (S)trength, (I)ntelligence, or (D)exterity?
You feel stronger. x2
You start resting.
An endoplasm is nearby!
The endoplasm barely misses you.
You punch the endoplasm!
You kill the endoplasm!
You hit the gnoll.
The gnoll is heavily wounded.
The gnoll barely misses you.
You hit the gnoll.
The gnoll is almost dead.
The gnoll throws a throwing net.
The throwing net hits you.
You become entangled in the net!
You struggle against the net.
The gnoll barely misses you.
You tear a large gash into the net.
The gnoll hits you with a +0 whip. The gnoll closely misses you.
You struggle against the net.
The gnoll hits you with a +0 flail. The gnoll hits you with a +0 whip.
* * * LOW HITPOINT WARNING * * *
You rip the net and break free!
The gnoll misses you. The gnoll hits you with a +0 whip.
* * * LOW HITPOINT WARNING * * *
The gnoll attacks as you move away! The gnoll hits you with a +0 whip!
You die...

...........##..#..##..#.#..#...#.
..................##..#.#........
...........................#...#.
.................................
........#.###..##.##g(.##.##...#.
.................................
.#.###.##.###..##g##...##.#......
...........##..##g##...##.#....#.
.#.###..........hg##...##.#....#.
.#.###...#.##..#####...##.#....#.
.........#.##. #....##.#....#.
............. .............#.
##.###...#.# #....##.#....##
............ ........#....##
.#.......(.. ...............
............ ...............
............ #.#............


You could see 3 gnolls.

Vanquished Creatures
  A gnoll (D:2)
  An endoplasm (D:2)
  A giant cockroach (D:1)
  2 hobgoblins (D:1)
  2 jackals (D:1)
  A quokka (D:1)
  4 ball pythons (D:1)
  A bat (D:1)
  3 frilled lizards (D:1)
  2 goblins (D:1)
  2 kobolds
  3 rats (D:1)
23 creatures vanquished.

Notes
Turn   | Place    | Note
-------+----------+-------------------------------------------
     0 | D:1      | porpoise the Merfolk Shapeshifter began the quest for the
                  | Orb.
     0 | D:1      | Reached XP level 1. HP: 15/15 MP: 1/1
   152 | D:1      | Reached XP level 2. HP: 21/21 MP: 2/2
   526 | D:1      | Found a faded altar of an unknown god.
   959 | D:2      | Reached XP level 3. HP: 18/27 MP: 3/3
   969 | D:2      | Slain by a gnoll

Illustrated notes

Levels and vault maps discovered:
D:1:      ncdulo_wetmaze, layout_rooms,
          hellmonk_ecumenical_altar_pennies_from_heaven
D:2:      layout_basic

Skill      XL: |  1  2 |
---------------+-------+-----
Fighting       | 2 |  2.2
Dodging        | |  2.6
Unarmed Combat | |  3.7
Shapeshifting  | |  4.4

Action                     || total
---------------------------++-------
  Melee: Unarmed           ||    50
Ability: Begin Untransform ||     1
 Armour: Animal skin       ||     5
  Dodge: Dodged            ||    24
   Form: Beast             ||     1

Table legend: (Time is in decaauts)
 A = Elapsed time spent in this place.
 B = Non-inter-level travel time spent in this place.
 C = Inter-level travel time spent in this place.
 D = Time resting spent in this place.
 E = Time spent auto-exploring this place.
 F = Levels seen in this place.
 G = Mean time per level.
                   A        B        C        D        E       F      G
               +--------+--------+--------+--------+--------+-----+--------+
         Total |    959 |    935 |     24 |    268 |    463 |   2 |  479.5 |
       Dungeon |    959 |    935 |     24 |    268 |    463 |   2 |  479.5 |
               +--------+--------+--------+--------+--------+-----+--------+

Top non-repeatable levels by time:
     D:1: 819 daAuts
     D:2: 140 daAuts
